 Dungeon Crawl Stone Soup version 0.29-a0-659-g28b9d68c38 (webtiles) character file.

Game seed: 7437588553172785062

1554 flt the Changer (level 8, -5/79 HPs)
             Began as a Demigod Transmuter on June 22, 2022.
             Slain by Maggie
             ... wielding a +0 glaive of pain
              (21 damage)
             ... on level 6 of the Dungeon.
             The game lasted 00:15:10 (6767 turns).

flt the Changer (Demigod Transmuter)                Turns: 6767, Time: 00:15:10

Health: -5/79      AC:  7    Str: 11    XL:     8   Next: 32%
Magic:  9/17       EV: 12    Int: 19    God:
Gold:   151        SH:  0    Dex: 24    Spells: 4/14 levels left

rFire   x . .      SeeInvis .     - Unarmed
rCold   + + +      Faith    .   (shield currently unavailable)
rNeg    . . .      Spirit   .   (body armour currently unavailable)
rPois   +          Reflect  .   (helmet currently unavailable)
rElec   .          Harm     .   (cloak currently unavailable)
rCorr   .          Rampage  .   (gloves currently unavailable)
Will    .....                   (boots currently unavailable)
Stlth   ++........              (no amulet)
HPRegen 0.23/turn               x - ring of protection from cold
MPRegen 0.15/turn               u - +6 ring of dexterity

@: ice-form, wereblooded
A: freezing attack, amphibious, boosted hp, large, high MP 1, forlorn, divine
attributes
a: End Transformation


You were on level 6 of the Dungeon.
You were a creature of crystalline ice.
You visited 1 branch of the dungeon, and saw 6 of its levels.

You collected 151 gold pieces.

Inventory:

Hand Weapons
 t - the +10 falchion "Kapir" {flame, rPois rC- Dex+2 SInv}
   (You found it on level 6 of the Dungeon)

   It burns those it strikes, dealing additional fire damage.
   Big, fiery blades are also staple armaments of hydra-hunters.
   Dex:       It affects your dexterity (+2).
   rC:        It makes you vulnerable to cold.
   rPois:     It protects you from poison.
   SInv:      It lets you see invisible.
Missiles
 c - 11 poisoned darts
 h - 35 stones
 l - 3 boomerangs
 p - 2 silver boomerangs
 r - 12 javelins
 B - 2 throwing nets
Armour
 a - a +0 robe
 d - +0 steam dragon scales (melded)
 m - a +0 cloak
 F - a +0 cloak of preservation (melded)
Jewellery
 g - a ring of protection from cold
 o - a ring of ice
 u - a +6 ring of dexterity (right front paw)
 x - a ring of protection from cold (left front paw)
 A - a ring of magical power
 E - an amulet of magic regeneration
Wands
 C - a wand of mindburst (17)
Scrolls
 e - a scroll of blinking
 j - 2 scrolls of identify
 q - a scroll of fog
 s - 2 scrolls of teleportation
Potions
 b - 2 potions of lignification
 f - a potion of mutation
 i - 2 potions of degeneration
 k - a potion of attraction
 n - 2 potions of haste {unknown}
 v - 2 potions of might
 z - a potion of flight {unknown}


   Skills:
 + Level 4.0 Fighting
 + Level 4.1 Dodging
 + Level 4.7 Unarmed Combat
 + Level 3.9 Spellcasting
 * Level 5.8 Transmutations
 + Level 1.6 Ice Magic


You had 4 spell levels left.
You knew the following spells:

 Your Spells              Type           Power      Damage    Failure   Level
a - Beastly Appendage     Tmut           50%        N/A       1%          1
b - Spider Form           Tmut/Pois      14%        N/A       13%         3
i - Ice Form              Ice/Tmut       17%        N/A       30%         4
w - Wereblood             Tmut           25%        N/A       1%          2

Your spell library contained the following spells:

 Spells                   Type           Power      Damage    Failure   Level


Dungeon Overview and Level Annotations

Branches:
Dungeon (6/15)
 Temple: D:4-7

Shops:
D:5 ?   D:6 :

Annotations:
D:4 Grinder
D:5 exclusion: door
D:6 Maggie


Innate Abilities, Weirdness & Mutations

You are a creature of crystalline ice.
You have a powerful freezing melee attack.
You are amphibious.
Your maximum health is increased.
Your armour is entirely melded.
You are incapable of wielding weapons or throwing items.
You have an increased reservoir of magic. (+10% MP)
You shall have no god before yourself.
Your divine heritage dramatically boosts your attributes as you level up.


Message History

Confirm with . or Enter, or press ? or * to list all spells.
The spell is quite dangerous to miscast (30% risk of failure)!
Continue anyway?
You miscast Ice Form.
You are very lightly contaminated with residual magic.
Nothing appears to happen.
Casting: Ice Form (quite dangerous; 30% risk of failure)
Confirm with . or Enter, or press ? or * to list all spells.
The spell is quite dangerous to miscast (30% risk of failure)!
Continue anyway?
You turn into a creature of crystalline ice.
Your +0 cloak of preservation melds into your body.
Your +0 steam dragon scales melds into your body.
Maggie shouts!
Maggie drinks a potion.
Maggie seems to grow stronger.
You punch Maggie! You freeze Maggie.
Maggie is moderately wounded.
Maggie hits you with a +0 glaive of pain!!
You writhe in agony.
You barely miss Maggie.
Maggie is moderately wounded.
Maggie completely misses you.
You hit Maggie. You freeze Maggie.
Maggie is moderately wounded.
Maggie gestures wildly while chanting.
Maggie attempts to bespell you! You resist with some effort.
You punch Maggie! You freeze Maggie.
Maggie is heavily wounded.
Maggie hits you with a +0 glaive of pain!!
Your magical contamination has completely faded away.
You hit Maggie. You freeze Maggie.
Maggie is heavily wounded.
Maggie hits you with a +0 glaive of pain!
* * * LOW HITPOINT WARNING * * *
You punch Maggie! You freeze Maggie!
Maggie is almost dead.
Maggie gestures at you while chanting. The bolt of fire misses you.
You hit Maggie. You freeze Maggie.
Maggie is almost dead.
Maggie hits you with a +0 glaive of pain!!
You die...

#.......................###
...#...###..........<...###
....#....#.................#
..........................
...#..#................#.##
.#....#................#.#
......#...#......## #
5.........#..##...#
....##Y.###..##### #..
#@#.....## ..........#
..........### #......$..##
##...#...## ##.###### ##


You could see Maggie (strong) and a white imp (wandering).

Vanquished Creatures
  A steam dragon (D:3)
  Menkaure (D:6)
  Edmund (D:5)
  A water moccasin (D:5)
  3 ice beasts
  An ogre (D:5)
  2 necrophages (D:6)
  3 scorpions (D:5)
  A hound (D:4)
  2 orc priests
  Crazy Yiuf (D:5)
  Jessica (D:3)
  2 iguanas (D:5)
  7 gnolls
  7 adders
  A white imp (D:6)
  3 dart slugs
  7 orcs
  6 ball pythons
  4 bats
  10 endoplasms
  A giant cockroach (D:1)
  5 goblins
  5 hobgoblins
  9 jackals
  5 kobolds
  2 quokkas
  4 frilled lizards
  8 rats
104 creatures vanquished.

Vanquished Creatures (others)
  An orc (D:3)
1 creature vanquished.

Grand Total: 105 creatures vanquished

Notes
Turn   | Place    | Note
-------+----------+-------------------------------------------
     0 | D:1      | flt the Demigod Transmuter began the quest for the Orb.
     0 | D:1      | Reached XP level 1. HP: 15/15 MP: 5/5
    85 | D:1      | Reached skill level 1 in Fighting
   121 | D:1      | Reached skill level 2 in Transmutations
   381 | D:1      | Reached XP level 2. HP: 23/23 MP: 7/7
   384 | D:1      | Learned a level 2 spell: Wereblood
  1390 | D:2      | Reached XP level 3. HP: 21/28 MP: 4/8
  2074 | D:2      | Reached XP level 4. HP: 21/36 MP: 6/10
  2523 | D:2      | Reached skill level 3 in Transmutations
  2899 | D:3      | Noticed Jessica
  2907 | D:3      | Learned a level 3 spell: Spider Form
  2919 | D:3      | Killed Jessica
  2920 | D:3      | Reached XP level 5. HP: 41/41 MP: 8/11
  3776 | D:4      | Noticed a steam dragon
  3858 | D:3      | Killed a steam dragon
  3859 | D:3      | Reached XP level 6. HP: 19/50 MP: 7/13
  4293 | D:4      | Noticed Grinder
  4297 | D:4      | Reached skill level 4 in Transmutations
  4326 | D:5      | Entered Level 5 of the Dungeon
  4369 | D:5      | Noticed a water moccasin
  4390 | D:5      | Found a runed translucent door.
  4391 | D:5      | Noticed Crazy Yiuf
  4711 | D:5      | Noticed Edmund
  4727 | D:5      | Killed Edmund
  4728 | D:5      | Reached XP level 7. HP: 49/57 MP: 9/14
  5107 | D:5      | Reached skill level 5 in Transmutations
  5416 | D:5      | Learned a level 4 spell: Ice Form
  5599 | D:5      | Found Ebimeecse's Magic Scroll Boutique.
  5742 | D:5      | Killed Crazy Yiuf
  5913 | D:6      | Noticed Menkaure
  5913 | D:6      | Found Faeluc's Book Emporium.
  6214 | D:5      | Reached skill level 1 in Ice Magic
  6214 | D:5      | Reached XP level 8. HP: 61/66 MP: 12/16
  6478 | D:6      | Killed Menkaure
  6591 | D:6      | Identified the +10 falchion "Kapir" {flame, rPois rC- Dex+2
                  | SInv}
  6747 | D:6      | Noticed Maggie
  6767 | D:6      | Slain by Maggie

Illustrated notes

Levels and vault maps discovered:
D:1:      matt_arrival_refuge, layout_loops_ring,
          nicolae_concentric_dashed_squares_wild
D:2:      layout_basic
D:3:      layout_basic, shapermc_ecumenical_altar_pompeii,
          hangedman_decor_points, uniq_jessica
D:4:      layout_cave_pools, supply_closet_lemuel, st_stairs_7,
          grunt_ministairs_2, sigmund_army, uniq_pikel, uniq_grinder
D:5:      layout_gridville, led_sif_book, serial_shops,
          nicolae_shop_temple_entry_statues_fountains, uniq_crazy_yiuf_cottage,
          uniq_edmund
D:6:      layout_cave_pools, nzn_wu_jian_council_hall,
          okawaru_ov_weapons_minmay, lemuel_doored_altar, serial_shops,
          nicolae_shop_crystal, lightli_orcish_oven, uniq_maggie, uniq_menkaure

Skill      XL: |  1  2  3  4  5  6  7  8 |
---------------+-------------------------+-----
Fighting       | 1 2 3 4 |  4.0
Transmutations | 2 3 4 5 |  5.8
Dodging        | 2 3 4 |  4.1
Spellcasting   | 2 3 |  3.9
Unarmed Combat | 3 4 |  4.7
Ice Magic      | 1 |  1.6

Action                   |  1- 3 |  4- 6 |  7- 9 || total
-------------------------+-------+-------+-------++-------
Melee: Unarmed           |   113 |   127 |   115 ||   355
       Kick              |    26 |    15 |       ||    41
       Headbutt          |    12 |    15 |       ||    27
       Punch             |     1 |     1 |       ||     2
 Cast: Beastly Appendage |    32 |    15 |       ||    47
       Wereblood         |     5 |    13 |     8 ||    26
       Spider Form       |       |    12 |    13 ||    25
       Ice Form          |       |       |     4 ||     4
  Use: Scroll            |       |     1 |    11 ||    12
       Potion            |       |     1 |       ||     1
 Stab: Sleeping          |       |     1 |       ||     1
Armor: Robe              |    24 |     9 |       ||    33
       Skin              |       |     6 |     4 ||    10
       Steam dragon scal |       |       |     1 ||     1
Dodge: Dodged            |    58 |    99 |    97 ||   254

Table legend: (Time is in decaauts)
 A = Elapsed time spent in this place.
 B = Non-inter-level travel time spent in this place.
 C = Inter-level travel time spent in this place.
 D = Time resting spent in this place.
 E = Time spent auto-exploring this place.
 F = Levels seen in this place.
 G = Mean time per level.
                   A        B        C        D        E       F      G
               +--------+--------+--------+--------+--------+-----+--------+
         Total |   6749 |   6471 |    278 |   1792 |   3383 |   6 | 1124.8 |
       Dungeon |   6749 |   6471 |    278 |   1792 |   3383 |   6 | 1124.8 |
               +--------+--------+--------+--------+--------+-----+--------+

Top non-repeatable levels by time:
     D:5: 2059 daAuts
     D:3: 1548 daAuts
     D:1: 1351 daAuts
     D:2: 1301 daAuts
     D:6: 374 daAuts
     D:4: 115 daAuts
